 Dungeon Crawl Stone Soup version 0.32-a0-799-g95e1662365 (webtiles) character file.

Game seed: 17556862285991033488

144 zenocrate the Sneak (level 5, -8/34 HPs)
             Began as an Octopode Earth Elementalist on Mar 21, 2024.
             Mangled by a gnoll
             ... wielding a +0 whip
              (9 damage)
             ... on level 4 of the Dungeon.
             The game lasted 00:03:06 (3026 turns).

zenocrate the Sneak (Octopode Earth Elementalist)   Turns: 3026, Time: 00:03:06

Health: -8/34      AC:  1    Str: 10    XL:     5   Next: 27%
Magic:  8/8        EV: 12    Int: 17    God:
Gold:   65         SH:  0    Dex: 12    Spells: 3/9 levels left

rFire   . . .        (no weapon)
rCold   . . .        (no shield)
rNeg    + . .        (helmet restricted)
rPois   .            (no amulet)
rElec   .            h - ring of positive energy
rCorr   .            (no ring)
SInv    .            (no ring)
Will    .....        (no ring)
Stlth   +++          (no ring)
HPRegen 0.25/turn    (no ring)
MPRegen 0.11/turn    (no ring)
                     (no ring)

%: no passive effects
@: no status effects
A: almost no armour, amphibious, 8 rings, camouflage 1, gelatinous body 1,
(nimble swimmer 1), tentacles
a: no special abilities


You were on level 4 of the Dungeon.
You visited 1 branch of the dungeon, and saw 4 of its levels.

You collected 174 gold pieces.
You spent 109 gold pieces at shops.

Inventory:

Jewellery
 h - a ring of positive energy (left tentacle)
Scrolls
 b - a scroll of teleportation {unknown}
 d - 2 scrolls of vulnerability {unknown}
 e - a scroll of fear {unknown}
 f - a scroll of revelation {unknown}
 g - a scroll of immolation {unknown}
 j - a scroll of brand weapon {unknown}
 l - 2 scrolls of identify {unknown}
 n - a scroll of enchant armour {unknown}
 o - a scroll of blinking {unknown}
 q - a scroll of enchant weapon {unknown}
Potions
 a - a potion of magic
 c - a potion of lignification {unknown}
 i - 2 potions of invisibility {unknown}
 k - 2 potions of curing {unknown}
 m - a potion of ambrosia {unknown}
 p - a potion of heal wounds {unknown}


   Skills:
 + Level 1.7 Fighting
 + Level 2.7 Dodging
 - Level 3.5 Stealth
 + Level 2.6 Spellcasting
 * Level 2.4 Conjurations
 + Level 3.5 Earth Magic


You had 3 spell levels left.
You knew the following spells:

 Your Spells              Type           Power      Damage    Failure   Level
a - Sandblast             Erth           28%        2d8       4%          1
b - Stone Arrow           Conj/Erth      24%        3d8       16%         3
x - Blink                 Tloc           4%         N/A       28%         2

Your spell library contained the following spells:

 Spells                   Type           Power      Damage    Failure   Level
 Magic Dart               Conj           40%        1d5       7%          1
 Passwall                 Erth           14%        N/A       13%         3
 Call Imp                 Summ           4%         N/A       28%         2
 Brom's Barrelling Bould  Conj/Erth      12%        2d4       47%         4
 Petrify                  Alch/Erth      8%         N/A       65%         4


Dungeon Overview and Level Annotations

Branches:
Dungeon (4/15)
 Temple: D:4-7

Altars:

Shops:
D:2 *[


Innate Abilities, Weirdness & Mutations

You cannot wear most types of armour.
You are amphibious.
You can wear up to eight rings at the same time.
Your skin changes colour to match your surroundings (Stealth+).
Your rubbery body absorbs attacks. (AC +1, EV +1)
((You are camouflaged when in or above water. (Stealth+)))
You have tentacles for arms and can constrict up to eight enemies at once.


Message History

The gnoll closely misses you.
You tentacle-slap the gnoll but do no damage.
The gnoll is almost dead.
You constrict the gnoll.
You kill the gnoll!
You constrict the gnoll.
You kill the gnoll!
The gnoll barely misses you. The gnoll hits you with a +0 halberd.
You see here a +0 spear.
You closely miss the gnoll. Your grab misses the gnoll.
Your tentacle-slap misses the gnoll.
The gnoll closely misses you. The gnoll hits you with a +0 halberd!
* * * LOW HITPOINT WARNING * * *
Unknown command.
You barely miss the gnoll. Your grab misses the gnoll. The gnoll misses you.
The gnoll barely misses you.
Unknown command.
Unknown command.
You tentacle-slap the gnoll but do no damage.
You grab the gnoll. You constrict the gnoll. The gnoll hits you with a +0 whip.
* * * LOW HITPOINT WARNING * * *
The gnoll hits you with a +0 halberd.
* * * LOW HITPOINT WARNING * * *
Unknown command.
Unknown command.
You tentacle-slap the gnoll but do no damage.
You grab the gnoll. You squeeze the gnoll.
The gnoll is lightly wounded.
You constrict the gnoll. x2; The gnoll hits you with a +0 whip.
* * * LOW HITPOINT WARNING * * *
The gnoll barely misses you.
Unknown command.
Unknown command.
You tentacle-slap the gnoll.
The gnoll is severely wounded.
You constrict the gnoll.
You kill the gnoll!
You constrict the gnoll. The gnoll hits you with a +0 whip!
You die...

#....# ..## #..#.# #
...# #..#.# #.#..#
#..### #.#..#####..#
...........#
#..#####..###
######g.####.....##
#.....)@.............
#######).............
#.############. #.#
#.# #.# #.# #..


You could see a gnoll.

Vanquished Creatures
  A bombardier beetle (D:3)
  2 adders
  3 gnolls (D:4)
  3 ribbon worms
  3 dart slugs
  10 ball pythons
  7 endoplasms
  5 giant cockroaches (D:1)
  4 goblins
  4 hobgoblins
  5 jackals
  4 kobolds (D:2)
  A quokka (D:3)
  4 bats
  4 frilled lizards
  4 rats
64 creatures vanquished.

Notes
Turn   | Place    | Note
-------+----------+-------------------------------------------
     0 | D:1      | zenocrate the Octopode Earth Elementalist began the quest
                  | for the Orb.
     0 | D:1      | Reached XP level 1. HP: 11/11 MP: 3/3
    91 | D:1      | Reached XP level 2. HP: 17/18 MP: 1/5
   206 | D:1      | Found a faded altar of an unknown god.
   657 | D:1      | Reached XP level 3. HP: 22/22 MP: 6/6
   661 | D:1      | Learned a level 3 spell: Stone Arrow
  1037 | D:2      | Reached skill level 1 in Fighting
  1037 | D:2      | Found Ebbeutik's Armour Boutique.
  1265 | D:2      | Reached XP level 4. HP: 19/28 MP: 7/7
  1603 | D:2      | Found Falos's Assorted Antiques.
  1626 | D:2      | Bought a scroll labelled XURUAW QOZUDIU for 28 gold pieces
  1626 | D:2      | Bought a sedimented dark potion for 25 gold pieces
  1626 | D:2      | Bought a scroll labelled KYPTAR DIUR for 28 gold pieces
  1626 | D:2      | Bought a scroll labelled KYPTAR DIUR for 28 gold pieces
  1839 | D:2      | Learned a level 2 spell: Blink
  2600 | D:3      | Reached XP level 5. HP: 30/34 MP: 8/8
  3025 | D:4      | HP: 1/34 [gnoll/+0 whip (3)]
  3026 | D:4      | Mangled by a gnoll

Illustrated notes

Levels and vault maps discovered:
D:1:      matt_arrival_los_fun, layout_basic,
          ebering_ecumenical_altar_abandoned, minmay_misc_feat_enclosed,
          nicolae_kite_square_tiling_tiny, minivault_5,
          hangedman_abyss_or_decor_stabs
D:2:      layout_loops_cross, serial_shops, nicolae_lakefront_shop,
          nicolae_shop_advertising_works [nicolae_subvault_shop_adworks],
          kennysheep_boxes
D:3:      layout_loops_corners, st_stairs_11, corexii_corridor_pit
D:4:      layout_basic, grunt_ministairs_12, minmay_cut_off

Skill      XL: |  1  2  3  4 |
---------------+-------------+-----
Stealth        | 3 |  3.5
Fighting       | 1 |  1.7
Conjurations   | 2 |  2.4
Dodging        | |  2.7
Spellcasting   | |  2.6
Earth Magic    | |  3.5

Action                     |  1- 3 |  4- 6 || total
---------------------------+-------+-------++-------
  Melee: Unarmed           |    92 |    72 ||   164
         Constrict         |    31 |    15 ||    46
         Tentacles         |    25 |    16 ||    41
   Cast: Sandblast         |     5 |     7 ||    12
   Stab: Sleeping          |     8 |     7 ||    15
 Armour: Skin              |    48 |    30 ||    78
  Dodge: Dodged            |    64 |    39 ||   103

Table legend: (Time is in decaauts)
 A = Elapsed time spent in this place.
 B = Non-inter-level travel time spent in this place.
 C = Inter-level travel time spent in this place.
 D = Time resting spent in this place.
 E = Time spent auto-exploring this place.
 F = Levels seen in this place.
 G = Mean time per level.
                   A        B        C        D        E       F      G
               +--------+--------+--------+--------+--------+-----+--------+
         Total |   3030 |   2901 |    129 |      0 |   2429 |   4 |  757.5 |
       Dungeon |   3030 |   2901 |    129 |      0 |   2429 |   4 |  757.5 |
               +--------+--------+--------+--------+--------+-----+--------+

Top non-repeatable levels by time:
     D:3: 1148 daAuts
     D:2: 1049 daAuts
     D:1: 794 daAuts
     D:4: 38 daAuts
